 Dungeon Crawl Stone Soup version 0.21.1-1-g345015fe64 (webtiles) character file.

332 Groucho the Ducker (level 6, 0/30 HPs)
             Began as a Felid Monk on Apr 15, 2018.
             Was a Believer of Wu Jian.
             Slain by a gnoll shaman
             ... wielding a +0 whip
              (1 damage)
             ... on level 4 of the Dungeon.
             The game lasted 00:07:08 (3925 turns).

Groucho the Ducker (Felid Monk)                     Turns: 3925, Time: 00:07:09

Health: 0/30       AC:  2    Str:  8    XL:     6   Next: 26%
Magic:  7/7        EV: 23    Int: 12    God:    Wu Jian [**....]
Gold:   145        SH:  0    Dex: 19    Spells: 5/5 levels left
                                        Lives:  0   Deaths: 2

rFire    . . .     SeeInvis +     - Unarmed
rCold    . . .     Gourm    .   (shield unavailable)
rNeg     . . .     Faith    .   (armour unavailable)
rPois    .         Spirit   .   (helmet unavailable)
rElec    .         Reflect  .   (cloak unavailable)
rCorr    .         Harm     .   (gloves unavailable)
MR       .....                  (boots unavailable)
Stlth    ++++......             (no amulet)
HPRegen  0.10/turn              (no ring)
MPRegen  0.10/turn              (no ring)

@: quick
A: very small, no armour, no weapons or thrown items, stealth, claws 1, fangs 3,
see invisible, carnivore, speed 1, shaggy fur 2, slow metabolism 1, sharp paws
a: Wall Jump, Renounce Religion


You were on level 4 of the Dungeon.
You worshipped Wu Jian.
Wu Jian was pleased with you.
You were not hungry.

You visited 2 branches of the dungeon, and saw 5 of its levels.

You collected 145 gold pieces.

Inventory:

Jewellery
 c - an uncursed ring of stealth {unknown}
 o - a cursed ring of loudness {unknown}
Wands
 d - a wand of digging (17)
 k - a wand of iceblast (5)
Scrolls
 b - a scroll of enchant armour {unknown}
 e - 7 scrolls of identify {unknown}
 f - 2 scrolls of teleportation {unknown}
 g - 2 scrolls of remove curse {unknown}
 h - a scroll of fear {unknown}
 i - a scroll of fog {unknown}
 j - a scroll of blinking {unknown}
 m - a scroll of random uselessness {unknown}
Potions
 l - a potion of ambrosia
 p - a potion of heal wounds
Books
 n - a book of Clouds

   Spells                             Type                      Level
   a - Poisonous Vapours              Poison/Air                   2
   b - Mephitic Cloud                 Conjuration/Poison/Air       3
   c - Conjure Flame                  Conjuration/Fire             3
   d - Freezing Cloud                 Conjuration/Ice/Air          6
   e - Ring of Flames                 Charms/Fire                  7
Comestibles
 a - 8 rations


   Skills:
 + Level 5.2 Fighting
 + Level 6.9 Dodging
 + Level 6.7 Stealth
 + Level 5.3 Unarmed Combat


You had 5 spell levels left.
You didn't know any spells.

Dungeon Overview and Level Annotations

Branches:
Dungeon (4/15)             Temple (1/1) D:4

Altars:
Cheibriados
Dithmenos
Gozag
Hepliaklqana
Kikubaaqudgha
Makhleb
Nemelex Xobeh
Qazlal
Ru
Sif Muna
Trog
Vehumet
Wu Jian
Xom
Zin
The Shining One


Innate Abilities, Weirdness & Mutations

You cannot wear armour.
You are incapable of wielding weapons or throwing items.
Your paws allow you to move quietly. (Stealth)
You have sharp claws.
You have razor-sharp teeth.
You have supernaturally acute eyesight. (SInv)
You are carnivorous and can eat meat at any time.
You cover ground quickly.
You are covered in thick fur. (AC +2)
You have a slow metabolism.
Your sharp claws are effective at attacking unaware monsters.


Message History

You scratch the gnoll shaman but do no damage.
The gnoll shaman is lightly wounded.
The gnoll shaman misses you. The gnoll completely misses you.
You spin and attack the gnoll.
You scratch the gnoll.
The gnoll is moderately wounded.
The gnoll completely misses you.
You spin and attack the gnoll.
You scratch the gnoll. Your bite misses the gnoll.
The gnoll is severely wounded.
The gnoll shaman completely misses you. The gnoll hits you with a club.
You are too injured to fight recklessly!
You are too injured to fight recklessly!
Unknown command.
You scratch the gnoll.
The gnoll is severely wounded.
The gnoll hits you with a club!
* * * LOW HITPOINT WARNING * * *
The gnoll shaman hits you with a +0 whip.
You die...

#...# #. ##.######.
#.#...... #########
#.#..###. ##### #... ..#
#.#..###.
#(..###.#####.#
#....<...
#.#........##.##
###..###.
#...###.##..gg.#
#######..#### ##.##
#.#####@.###............
#.# #.#
#.........#.###### #.#
#.......####.##.#.# #
#.# ######### #.##.#.# #
#.# #######.##.#.# #
#.## ...........#.######
#..# ...####...)........
####.### ###.......))รท
#......# ##.#.......


You could see a gnoll shaman and a gnoll (pinned).

Vanquished Creatures
  Grinder (D:3)
  Sigmund (D:3)
  2 hounds
  A jelly (D:4)
  3 orc priests
  Ijyb (D:3)
  2 orc wizards
  A worker ant (D:4)
  2 hound skeletons (D:4)
  4 gnolls (D:4)
  7 adders
  2 dart slugs (D:2)
  4 leopard geckos
  11 orcs
  5 bats
  2 giant cockroaches
  5 hobgoblins
  3 jackals (D:1)
  9 kobolds
  A quokka (D:3)
  4 ball pythons
  6 frilled lizards
  5 goblins
  10 rats
92 creatures vanquished.

Notes
Turn   | Place    | Note
-------+----------+-------------------------------------------
     0 | D:1      | Groucho the Felid Monk began the quest for the Orb.
     0 | D:1      | Reached XP level 1. HP: 10/10 MP: 2/2
    81 | D:1      | Reached XP level 2. HP: 12/14 MP: 3/3
   747 | D:2      | Reached XP level 3. HP: 11/17 MP: 4/4
  1527 | D:2      | Reached XP level 4. HP: 21/21 MP: 5/5
  1628 | D:2      | Found a sparkling altar of Nemelex Xobeh.
  1628 | D:2      | Found a shadowy altar of Dithmenos.
  1677 | D:2      | Reached skill level 5 in Dodging
  2002 | D:3      | Noticed Sigmund
  2014 | D:3      | Killed Sigmund
  2014 | D:3      | Reached skill level 5 in Stealth
  2014 | D:3      | Reached XP level 5. HP: 25/25 MP: 6/6
  2014 | D:3      | Gained mutation: You are covered in thick fur. (AC +2) [Felid growth]
  2014 | D:3      | Reached XP level 6. HP: 28/28 MP: 7/7
  2430 | D:3      | Noticed Ijyb
  2435 | D:3      | Noticed Grinder
  2458 | D:3      | Killed Grinder
  2458 | D:3      | Reached XP level 7. HP: 33/33 MP: 8/8
  2467 | D:3      | Killed Ijyb
  3153 | D:4      | Slain by a gnoll shaman
  3154 | D:4      | Reached XP level 6. HP: 0/30 MP: 7/7
  3169 | D:4      | Reached skill level 5 in Unarmed Combat
  3173 | D:4      | Found a staircase to the Ecumenical Temple.
  3183 | Temple   | Entered the Ecumenical Temple
  3256 | Temple   | Became a worshipper of the Wu Jian Council
  3256 | Temple   | Reached * piety under Wu Jian
  3256 | Temple   | Reached ** piety under Wu Jian
  3286 | D:4      | Reached skill level 5 in Fighting
  3479 | D:4      | Slain by a gnoll shaman
  3480 | D:4      | Reached XP level 5. HP: -1/26 MP: 6/6
  3505 | D:4      | Reached XP level 6. HP: 30/30 MP: 7/7
  3591 | D:4      | Found a shimmering altar of Xom.
  3925 | D:4      | HP: 1/30 [gnoll/club (9)]
  3925 | D:4      | Slain by a gnoll shaman

Skill      XL: |  1  2  3  4  5  6  7 |
---------------+----------------------+-----
Stealth        | 3 5 6 |  6.7
Dodging        | 5 6 |  6.9
Fighting       | 4 5 |  5.2
Unarmed Combat | 4 5 |  5.3

Action                   |  1- 3 |  4- 6 |  7- 9 || total
-------------------------+-------+-------+-------++-------
Melee: Unarmed           |    88 |   142 |    35 ||   265
       Bite              |     5 |     7 |     2 ||    14
       Punch             |       |     4 |     1 ||     5
Invok: Lunge             |       |     3 |       ||     3
       Whirlwind         |       |    24 |       ||    24
 Abil: Wall Jump         |       |     2 |       ||     2
  Use: Potion            |       |     5 |     1 ||     6
 Stab: Sleeping          |    13 |    20 |       ||    33
       Distracted        |     1 |       |       ||     1
  Eat: Chunk             |       |     5 |       ||     5
Armor: Skin              |     2 |    51 |    27 ||    80
Dodge: Dodged            |    68 |    91 |    49 ||   208
